 Dungeon Crawl Stone Soup version 0.29.1 (webtiles) character file.

Game seed: 15046253847174809497

2670 DemonSlayer the Magician (level 9, -2/59 HPs)
             Began as a Demonspawn Fire Elementalist on Sept 9, 2022.
             Was an Initiate of Cheibriados.
             Slain by a two-headed ogre
             ... wielding a +0 giant club
              (16 damage)
             ... on level 9 of the Dungeon on Sept 13, 2022.
             The game lasted 00:20:46 (10807 turns).

DemonSlayer the Magician (DsFE)                    Turns: 10807, Time: 00:20:47

Health: -2/59      AC:  9    Str:  9    XL:     9   Next: 37%
Magic:  2/22       EV: 12    Int: 22    God:    Cheibriados [......]
Gold:   350        SH:  0    Dex: 15    Spells: 10/23 levels left

rFire   . . .      SeeInvis .   h - +1 bardiche
rCold   . . .      Faith    .   (shield currently unavailable)
rNeg    . . .      Spirit   .   q - +3 leather armour
rPois   +          Reflect  .   (no helmet)
rElec   .          Harm     .   (no cloak)
rCorr   .          Rampage  .   (no gloves)
Will    .....                   k - +0 pair of boots
Stlth   ++........              (no amulet)
HPRegen 0.19/turn               t - ring of poison resistance
MPRegen 0.18/turn               (no ring)

@: weak-willed, very slow
A: claws 1, thin metallic scales 1, demonic guardian 1, foul stench 2, high MP
1, MP-powered wands
a: Renounce Religion


You were on level 9 of the Dungeon.
You worshipped Cheibriados.
Cheibriados was noncommittal.
You visited 2 branches of the dungeon, and saw 10 of its levels.
You also visited: Sewer.

You collected 350 gold pieces.

Inventory:

Hand Weapons
 e - a +2 whip of venom
 h - a +1 bardiche (weapon)
Armour
 k - a +0 pair of boots (worn)
 q - a +3 leather armour (worn)
Jewellery
 t - a ring of poison resistance (left claw)
Wands
 o - a wand of charming (11)
 s - a wand of flame (26)
Scrolls
 c - a scroll of enchant armour
 i - 2 scrolls of amnesia
Potions
 a - a potion of brilliance
 b - a potion of magic
 d - 3 potions of flight
 f - 5 potions of curing
 j - a potion of might
 l - 3 potions of ambrosia {unknown}
 r - 2 potions of lignification


   Skills:
 + Level 1.4 Fighting
 + Level 1.2 Maces & Flails
 + Level 0.8 Polearms
 + Level 0.1 Throwing
 + Level 2.9 Armour
 + Level 2.6 Dodging
 + Level 3.1 Stealth
 + Level 7.9 Spellcasting
 + Level 1.5 Conjurations
 + Level 7.6 Fire Magic
 + Level 0.4 Earth Magic


You had 10 spell levels left.
You knew the following spells:

 Your Spells              Type           Power      Damage    Failure   Level
a - Foxfire               Conj/Fire      100%       2x1d9     1%          1
b - Scorch                Fire           84%        2d9       1%          2
c - Conjure Flame         Conj/Fire      28%        6-21      4%          3
d - Flame Wave            Conj/Fire      28%        2d9       16%         4
e - Stone Arrow           Conj/Erth      24%        3d8       21%         3

Your spell library contained the following spells:

 Spells                   Type           Power      Damage    Failure   Level
 Inner Flame              Hex/Fire       25%        N/A       6%          3
 Beastly Appendage        Tmut           16%        N/A       11%         1
 Wereblood                Tmut           8%         N/A       16%         2
 Gell's Gravitas          Tloc           8%         N/A       30%         3
 Lesser Beckoning         Tloc           8%         N/A       30%         3
 Spider Form              Tmut/Pois      8%         N/A       30%         3
 Teleport Other           Tloc           8%         N/A       30%         3
 Animate Armour           Summ/Erth      18%        N/A       67%         4
 Lehudib's Crystal Spear  Conj/Erth      6%         10d3      100%        8


Dungeon Overview and Level Annotations

Branches:
Dungeon (9/15)             Temple (1/1) D:6           Sewer (visited)
   Lair: D:8-11         Orc: D:9-12

Altars:
Cheibriados
Dithmenos
Fedhas
Gozag
Hepliaklqana
Kikubaaqudgha
Makhleb
Nemelex Xobeh
Okawaru
Qazlal
Ru
Sif Muna
Trog
Uskayaw
Wu Jian
Xom
Yredelemnul

Shops:
D:6 *


Innate Abilities, Weirdness & Mutations

You have sharp fingernails.
You are partially covered in thin metallic scales. (AC +2)
A weak demonic guardian rushes to your aid.
You sometimes emit foul miasma when damaged in melee.
You have an increased reservoir of magic. (+10% MP)
You expend magic power (3 MP) to strengthen your wands.


Message History

The bullfrog's fire resistance burns away.
You hear two shouts!
Flames lash the bullfrog.
The bullfrog is burned terribly!
You kill the bullfrog!
Cheibriados thoroughly appreciates the change of pace.
You can't see any susceptible monsters within range! (Use Z to cast anyway.)
You can't see any susceptible monsters within range! (Use Z to cast anyway.)
A two-headed ogre comes into view.
It is wielding a +0 giant club and a +0 giant spiked club.
A two-headed ogre is nearby!
A two-headed ogre is nearby!
A two-headed ogre is nearby!
A two-headed ogre is nearby!
You feel a surge of power!
The puff of flame hits the two-headed ogre.
The two-headed ogre is lightly wounded.
You feel a surge of power!
The puff of flame misses the two-headed ogre.
You feel a surge of power!
The puff of flame hits the two-headed ogre!
The two-headed ogre is lightly wounded.
You feel a surge of power!
The puff of flame hits the two-headed ogre.
The two-headed ogre is moderately wounded.
The stone arrow hits the two-headed ogre!!
The two-headed ogre is heavily wounded.
The stone arrow hits the two-headed ogre.
The two-headed ogre is heavily wounded.
The two-headed ogre hits you with a +0 giant club!!
The two-headed ogre hits you with a +0 giant spiked club!
Okay, then.
The air fills with toxic fumes!
As you read the scroll of poison, it crumbles to dust.
You hit the two-headed ogre.
The two-headed ogre is heavily wounded.
The two-headed ogre closely misses you.
The two-headed ogre hits you with a +0 giant spiked club.
* * * LOW HITPOINT WARNING * * *
The two-headed ogre barely misses you.
The two-headed ogre hits you with a +0 giant spiked club!
You die...

#.### §§ #.# §
#########§###
#.###
§§#§§§§§§§§§§§
#....
#§§§§§§§§§§§#
.######
#.§§§§§§§§§#
.......
#§§#§§§§§§§#
....###
#§§§§§§§O#.# . . #
#§§§@§#[# .. #
#§§#§#§#.#+####...
# #
###§§§......... #
#§§§§§....... #
#§§§§§§§...## #
#§#§#§###########
#§#§#§# #......
#§#§#.# #......
#.#.#.# #......


You could see a two-headed ogre.

Vanquished Creatures
  Erica (D:8)
  A yak (D:9)
  A wyvern (D:8)
  A steam dragon (D:7)
  2 water moccasins
  A sky beast (D:6)
  2 black bears
  An ogre (D:6)
  A centaur (D:5)
  A kobold brigand (Sewer)
  2 bullfrogs (D:9)
  4 necrophages
  5 howler monkeys
  A hound (D:6)
  2 orc priests
  An iguana (D:4)
  A jelly (D:6)
  2 orc wizards
  A mummy (D:8)
  4 gnolls (D:5)
  5 adders
  A river rat (D:4)
  2 shadow imps (D:6)
  An ufetubus (D:5)
  3 dart slugs
  14 orcs
  6 ball pythons
  A bat (D:2)
  3 endoplasms
  2 giant cockroaches (D:4)
  5 goblins
  6 hobgoblins
  2 jackals (Sewer)
  2 quokkas
  2 frilled lizards
  13 kobolds
  7 rats
110 creatures vanquished.

Vanquished Creatures (others)
  88 foxfires
88 creatures vanquished.

Grand Total: 198 creatures vanquished

Notes
Turn   | Place    | Note
-------+----------+-------------------------------------------
     0 | D:1      | DemonSlayer the Demonspawn Fire Elementalist began the
                  | quest for the Orb.
     0 | D:1      | Reached XP level 1. HP: 13/13 MP: 3/3
   172 | D:1      | Upgraded the game from 0.29.0-13-gc9e81de378 to 0.29.1
   421 | D:1      | Gained mutation: You may rarely emit foul miasma when
                  | damaged in melee. [demonic ancestry]
   421 | D:1      | Reached XP level 2. HP: 19/19 MP: 5/5
   424 | D:1      | Learned a level 2 spell: Scorch
  1166 | D:2      | Gained mutation: You have sharp fingernails. [demonic
                  | ancestry]
  1166 | D:2      | Reached XP level 3. HP: 24/24 MP: 1/6
  3130 | D:3      | Learned a level 3 spell: Conjure Flame
  3260 | D:4      | Noticed a water moccasin
  3263 | D:4      | Killed a water moccasin
  3264 | D:4      | Reached XP level 4. HP: 30/30 MP: 1/9
  3264 | D:4      | Reached XP level 5. HP: 35/35 MP: 1/10
  3359 | D:4      | Found a glowing drain.
  3363 | Sewer    | Entered a sewer
  3520 | Sewer    | Gained mutation: You expend magic power (3 MP) to
                  | strengthen your wands. [potion of mutation]
  3520 | Sewer    | Gained mutation: You have an increased reservoir of magic.
                  | (+10% MP) [potion of mutation]
  3521 | Sewer    | HP: 1/35 [kobold brigand/+0 short sword (3)]
  3979 | D:4      | Gained mutation: A weak demonic guardian rushes to your
                  | aid. [demonic ancestry]
  3979 | D:4      | Reached XP level 6. HP: 42/42 MP: 8/13
  4724 | D:4      | You fall into a shaft and drop 1 floor!
  4724 | D:5      | Entered Level 5 of the Dungeon
  5245 | D:4      | Learned a level 4 spell: Flame Wave
  5346 | D:5      | Reached skill level 5 in Fire Magic
  5346 | D:5      | Gained mutation: You sometimes emit foul miasma when
                  | damaged in melee. [demonic ancestry]
  5346 | D:5      | Reached XP level 7. HP: 47/47 MP: 12/15
  6047 | D:5      | Reached skill level 1 in Fighting
  6422 | D:5      | Learned a level 3 spell: Stone Arrow
  6857 | D:6      | Reached skill level 1 in Maces & Flails
  6857 | D:6      | Reached skill level 5 in Spellcasting
  6993 | D:6      | Found Weotwuky's Assorted Antiques.
  7056 | D:6      | Reached skill level 1 in Armour
  7130 | D:6      | Found a shimmering blue altar of Sif Muna.
  7241 | D:6      | Found a staircase to the Ecumenical Temple.
  7270 | Temple   | Entered the Ecumenical Temple
  7971 | D:6      | Gained mutation: You are partially covered in thin metallic
                  | scales. (AC +2) [demonic ancestry]
  7971 | D:6      | Reached XP level 8. HP: 46/54 MP: 9/18
  9363 | D:7      | Noticed a gargoyle
  9653 | D:8      | Noticed Erica
  9664 | D:8      | Killed Erica
  9665 | D:8      | Reached XP level 9. HP: 43/59 MP: 4/21
 10399 | D:8      | Found a snail-covered altar of Cheibriados.
 10410 | D:8      | Became a worshipper of Cheibriados the Contemplative
 10522 | D:8      | Noticed a death yak
 10524 | D:8      | Noticed a death yak
 10799 | D:9      | Noticed a two-headed ogre
 10807 | D:9      | Slain by a two-headed ogre

Illustrated notes

Levels and vault maps discovered:
D:1:      lemuel_arrival_lava_pool, layout_basic
D:2:      layout_basic, chequers_garden, amcnicky_mini_pool_small
D:3:      layout_loops_corners, chequers_serial_rivers_room_a,
          amcnicky_mini_rare_corridor_liquid, minmay_misc_feat_iff
D:4:      layout_loops_ring, gup_sewer_entry_bowl, mrwooster_statue_mirror,
          minmay_misc_feat_plants, hangedman_abyss_or_decor_passed
D:5:      layout_loops_ring
D:6:      layout_gridville, gammafunk_temple_overflow_elements,
          minmay_temple_entry_waves, serial_shops, nicolae_shop_behind_doors
D:7:      layout_basic, serial_glass, glass_columns_b, glass_columns_a
D:8:      layout_basic, slow_altar_1, dpeg_lair_monsters, uniq_erica,
          uniq_psyche
D:9:      cheibrodos_helix_gallery, layout_basic, grunt_ogre_cave
Temple:   minmay_crystal_spiral_temple

Skill      XL: |  1  2  3  4  5  6  7  8 |
---------------+-------------------------+-----
Dodging        | 2 |  2.6
Fire Magic     | 3 4 5 7 |  7.6
Spellcasting   | 3 4 5 7 |  7.9
Stealth        | 2 3 |  3.1
Fighting       | 1 |  1.4
Maces & Flails | 1 |  1.2
Armour         | 2 |  2.9
Polearms       | |  0.8
Throwing       | |  0.1
Conjurations   | |  1.5
Earth Magic    | |  0.4

Action                   |  1- 3 |  4- 6 |  7- 9 || total
-------------------------+-------+-------+-------++-------
Melee: Dagger            |     5 |       |       ||     5
       Whip              |    13 |    21 |    12 ||    46
       Bardiche          |       |       |     9 ||     9
Throw: Dart              |       |       |     1 ||     1
 Cast: Foxfire           |    45 |       |     5 ||    50
       Scorch            |    22 |    33 |    96 ||   151
       Stone Arrow       |       |       |     3 ||     3
Evoke: Wand              |       |       |     4 ||     4
  Use: Potion            |       |     3 |     3 ||     6
       Scroll            |       |       |    19 ||    19
 Stab: Sleeping          |     4 |       |       ||     4
       Distracted        |       |     1 |       ||     1
Armor: Robe              |     8 |     1 |       ||     9
       Leather armour    |       |     2 |    20 ||    22
Dodge: Dodged            |    23 |    17 |    56 ||    96
